 Dungeon Crawl Stone Soup version 0.30.0-5-g1a98f26d00 (webtiles) character file.

Game seed: 15347200663447923542

1514 safid the Frost Mage (level 8, -4/65 HPs)
             Began as a Merfolk Ice Elementalist on May 8, 2023.
             Was an Initiate of Vehumet.
             Slain by a yak (5 damage)
             ... on level 6 of the Dungeon.
             The game lasted 00:11:12 (6905 turns).

safid the Frost Mage (Merfolk Ice Elementalist)     Turns: 6905, Time: 00:11:12

Health: -4/65      AC:  3    Str:  8    XL:     8   Next: 83%
Magic:  7/16       EV: 13    Int: 17    God:    Vehumet [......]
Gold:   282        SH:  0    Dex: 14    Spells: 4/18 levels left

rFire   . . .        y - +9 lajatang "Veckuxt" {vamp, rN+ rCorr SInv}
rCold   . . .        (shield currently unavailable)
rNeg    + . .        a - +0 robe
rPois   .            u - +0 helmet
rElec   .            (no cloak)
rCorr   +            (no gloves)
SInv    +            (no boots)
Will    +....        (no amulet)
Stlth   ++           v - ring of willpower
HPRegen 0.30/turn    (no ring)
MPRegen 0.15/turn

%: no passive effects
@: hasted, very quick
A: (nimble swimmer 2), mertail
a: Renounce Religion


You were on level 6 of the Dungeon.
You worshipped Vehumet.
Vehumet was noncommittal.
You visited 2 branches of the dungeon, and saw 7 of its levels.
You also visited: Sewer.

You collected 282 gold pieces.

Inventory:

Hand Weapons
 y - the +9 lajatang "Veckuxt" (weapon) {vamp, rN+ rCorr SInv}
   (You found it on level 6 of the Dungeon)

   rN:        It protects you from negative energy.
   SInv:      It lets you see invisible.
   rCorr:     It protects you from acid and corrosion.
Armour
 a - a +0 robe (worn)
 u - a +0 helmet (worn)
Jewellery
 v - a ring of willpower (left hand)
Wands
 m - a wand of quicksilver (6)
 t - a wand of digging (3)
 x - a wand of flame (14)
Scrolls
 c - a scroll of blinking
 d - 3 scrolls of enchant weapon
 f - 4 scrolls of amnesia
 j - 2 scrolls of teleportation
 o - a scroll of fear {unknown}
 q - a scroll of poison {unknown}
 r - a scroll of noise {unknown}
 s - a scroll of enchant armour {unknown}
Potions
 b - a potion of magic
 e - a potion of mutation {unknown}
 g - 4 potions of flight
 h - 2 potions of haste
 i - 4 potions of might
 l - a potion of heal wounds {unknown}
 n - 2 potions of degeneration {unknown}
 p - 2 potions of curing {unknown}
 w - a potion of resistance {unknown}


   Skills:
 + Level 6.4 Fighting
 + Level 3.7 Dodging
 - Level 2.1 Stealth
 + Level 5.8 Spellcasting
 + Level 8.0 Ice Magic


You had 4 spell levels left.
You knew the following spells:

 Your Spells              Type           Power      Damage    Failure   Level
a - Freeze                Ice            100%       1d10      1%          1
b - Frozen Ramparts       Ice            64%        1d10      1%          3
c - Ozocubu's Armour      Ice            32%        N/A       1%          3
d - Ozocubu's Refrigerat  Ice            16%        4d11      99%         7

Your spell library contained the following spells:

 Spells                   Type           Power      Damage    Failure   Level
 Beastly Appendage        Tmut           8%         N/A       13%         1
 Static Discharge         Conj/Air       8%         2-3/arc   21%         2
 Wereblood                Tmut           4%         N/A       21%         2
 Summon Ice Beast         Ice/Summ       18%        N/A       26%         4
 Spider Form              Tmut/Pois      4%         N/A       36%         3
 Airstrike                Air            2%         2d(1-17)  78%         4
 Summon Lightning Spire   Summ/Air       4%         N/A       78%         4


Dungeon Overview and Level Annotations

Branches:
Dungeon (6/15)             Temple (1/1) D:5           Sewer (visited)

Altars:
Cheibriados
Dithmenos
Elyvilon
Fedhas
Hepliaklqana
Kikubaaqudgha
Makhleb
Sif Muna
Uskayaw
Vehumet
Wu Jian
Xom
Yredelemnul
Zin
The Shining One

Shops:
D:4 *


Innate Abilities, Weirdness & Mutations

((You are very nimble when in or above water. (Stealth+, EV+, Speed+++)))
Your lower body shifts to a powerful aquatic tail in water.


Message History

The wall freezes the adder!
You kill the adder!
Vehumet accepts your kill.
The wall freezes the yak but does no damage.
The wall freezes the yak.
The yak gores you but does no damage.
You hit the yak.
You feel better.
The yak is almost dead.
The wall freezes the yak but does no damage. x2
The yak gores you.
The wall freezes the yak.
You kill the yak!
Vehumet accepts your kill.
The wall freezes the yak.
The yak completely misses you.
The wall freezes the yak but does no damage.
The wall freezes the yak.
The yak gores you but does no damage.
Your Ice Magic skill increases to level 8!
You slash the yak!
The yak is heavily wounded.
The frozen ramparts melt away.
The yak gores you. The yak barely misses you. The yak gores you.
Unknown command.
Casting: Frozen Ramparts (safe; 1% risk of failure)
Confirm with . or Enter, or press ? or * to list all spells.
Casting: Frozen Ramparts (safe; 1% risk of failure)
Press: ? - help, Dir - look around, f - activate The walls around you are covered in ice.
The yak gores you!
The wall freezes the yak!
The yak gores you!
* * * LOW HITPOINT WARNING * * *
The wall freezes the yak.
The yak barely misses you.
Unknown command.
You feel yourself speed up. The yak gores you!
* * * LOW HITPOINT WARNING * * *
The wall freezes the yak but does no damage.
The yak closely misses you.
The wall freezes the yak.
The yak barely misses you.
Unknown command.
Your icy armour and frozen ramparts will break if you move.
Continue?
Your icy armour cracks and falls away as you move.
The frozen ramparts melt away as you move.
The yak gores you.
You die...

..# ...## ....# #+# ###
#....##♣♣.♣♣############.#
#.....Y...............##
..###...†Y@...............#
........Y##....#########..#
........###...## #...
Y.......# #....# ##..
#......## ##...# ##..
###.... #...# #... ###..#
#...# #... ....# ##...##
#...# ......##.....##
##...#


You could see 3 yaks.

Vanquished Creatures
  2 yaks (D:6)
  A water moccasin (D:6)
  An ice beast (D:6)
  2 ogres (D:5)
  A centaur (D:5)
  A kobold brigand (D:6)
  2 bullfrogs (Sewer)
  2 scorpions
  A hound (D:6)
  A jelly (D:6)
  A sleepcap (D:5)
  Jessica (D:2)
  Ijyb (D:4)
  An iguana (D:4)
  Robin (D:4)
  13 adders
  4 gnolls (D:6)
  2 ufetubi (D:5)
  4 worms
  A dart slug (D:1)
  4 orcs
  7 endoplasms
  18 giant cockroaches
  3 goblins
  13 hobgoblins
  6 jackals
  4 quokkas
  7 ball pythons
  6 bats
  12 frilled lizards
  9 kobolds
  4 rats
136 creatures vanquished.

Notes
Turn   | Place    | Note
-------+----------+-------------------------------------------
     0 | D:1      | safid the Merfolk Ice Elementalist began the quest for the
                  | Orb.
     0 | D:1      | Reached XP level 1. HP: 13/13 MP: 3/3
   228 | D:1      | Reached XP level 2. HP: 7/20 MP: 0/5
   300 | D:1      | Reached skill level 1 in Fighting
   822 | D:1      | Reached XP level 3. HP: 20/26 MP: 0/6
   990 | D:2      | You fall into a shaft and drop 2 floors!
  1067 | D:3      | Identified the +2 hand axe of Nucesaf {protect, Int+2}
  1099 | D:3      | Found a glowing drain.
  1120 | Sewer    | Entered a sewer
  1204 | Sewer    | Reached skill level 5 in Ice Magic
  1262 | Sewer    | Reached XP level 4. HP: 33/33 MP: 5/8
  1266 | Sewer    | Learned a level 3 spell: Frozen Ramparts
  1270 | Sewer    | Learned a level 3 spell: Ozocubu's Armour
  1499 | Sewer    | Noticed a bullfrog
  1500 | Sewer    | Noticed a bullfrog
  1507 | Sewer    | Killed a bullfrog
  1508 | Sewer    | Reached XP level 5. HP: 23/40 MP: 3/9
  1619 | Sewer    | Reached XP level 6. HP: 47/47 MP: 5/11
  2181 | D:2      | Noticed Jessica
  2193 | D:2      | Killed Jessica
  2358 | D:2      | Found a faded altar of an unknown god.
  2722 | D:2      | Reached skill level 6 in Ice Magic
  3814 | D:4      | Found Zin's Purification Station.
  3826 | D:4      | Found a glowing silver altar of Zin.
  4135 | D:4      | Reached XP level 7. HP: 50/54 MP: 7/13
  4418 | D:4      | Noticed Ijyb
  4418 | D:4      | Noticed Robin
  4426 | D:4      | Killed Ijyb
  4428 | D:4      | Killed Robin
  4802 | D:5      | Entered Level 5 of the Dungeon
  4962 | D:5      | Found a staircase to the Ecumenical Temple.
  4971 | Temple   | Entered the Ecumenical Temple
  4987 | Temple   | Became a worshipper of Vehumet
  5577 | D:5      | Reached skill level 5 in Fighting
  5808 | D:5      | Found a basalt altar of Yredelemnul.
  5812 | D:5      | Found a burning altar of Makhleb.
  5813 | D:5      | Found an ancient bone altar of Kikubaaqudgha.
  5814 | D:5      | Found a shimmering altar of Xom.
  5814 | D:5      | Found a glowing golden altar of the Shining One.
  5814 | D:5      | Found a blossoming altar of Fedhas.
  5817 | D:5      | Found a shimmering blue altar of Sif Muna.
  5818 | D:5      | Found a snail-covered altar of Cheibriados.
  6001 | D:5      | Identified the +5 war axe of Conformity {antimagic, rN+
                  | rCorr Str+3 Dex-4}
  6195 | D:6      | Reached skill level 5 in Spellcasting
  6195 | D:6      | Reached skill level 7 in Ice Magic
  6195 | D:6      | Reached XP level 8. HP: 48/62 MP: 6/15
  6675 | D:6      | Learned a level 7 spell: Ozocubu's Refrigeration
  6744 | D:6      | Identified the +9 lajatang "Veckuxt" {vamp, rN+ rCorr SInv}
  6878 | D:6      | Noticed a yak
  6880 | D:6      | Noticed a yak
  6894 | D:6      | Noticed a yak
  6894 | D:6      | Noticed a yak
  6895 | D:6      | Noticed a yak
  6898 | D:6      | Killed a yak
  6901 | D:6      | Killed a yak
  6902 | D:6      | Reached skill level 8 in Ice Magic
  6904 | D:6      | HP: 1/65 [yak (10)]
  6905 | D:6      | Slain by a yak

Illustrated notes

Levels and vault maps discovered:
D:1:      tekkud_arrival_beachfront_property, layout_rooms,
          minmay_misc_feat_secret_circle, minmay_misc_feat_ornament
D:2:      layout_basic, serial_glass, glass_columns_a, glass_columns_a,
          glass_columns_b, glass_columns_c, feat_on_display,
          minmay_strange_pillars, shapermc_ecumenical_altar_venn,
          grunt_ministairs_15, minmay_misc_feat_hallway, uniq_jessica
D:3:      layout_basic, portal_sewer_entry_a
D:4:      layout_basic, zin_purify, nicolae_goblin_pals
D:5:      layout_loops_corners, minitemple, minmay_temple_entry_waves
D:6:      layout_layer_cave, kennysheep_mini_moat,
          mainiacjoe_overflow_cross_hatched, kennysheep_generic_room_3
Temple:   nicolae_temple_stand_before_the_council

Skill      XL: |  1  2  3  4  5  6  7  8 |
---------------+-------------------------+-----
Fighting       | 1 2 3 4 5 6 |  6.4
Ice Magic      | 5 6 7 8 |  8.0
Spellcasting   | 3 4 5 |  5.8
Dodging        | 3 |  3.7
Stealth        | |  2.1

Action                     |  1- 3 |  4- 6 |  7- 9 || total
---------------------------+-------+-------+-------++-------
  Melee: Short sword       |    33 |       |       ||    33
         Unarmed           |     1 |       |       ||     1
         Punch             |     4 |     1 |       ||     5
         Hand axe          |    11 |    98 |    72 ||   181
         Tailslap          |     1 |     4 |       ||     5
         Lajatang          |       |       |     8 ||     8
   Cast: Freeze            |    42 |    55 |    11 ||   108
         Frozen Ramparts   |       |     7 |    19 ||    26
         Ozocubu's Armour  |       |     2 |     7 ||     9
    Use: Scroll            |       |       |     6 ||     6
         Potion            |       |       |     1 ||     1
   Stab: Sleeping          |     2 |     4 |       ||     6
 Armour: Robe              |    16 |    43 |    46 ||   105
  Dodge: Dodged            |    57 |    99 |    78 ||   234
